 Dungeon Crawl Stone Soup version 0.23-a0-8-gb809bb70e4 (webtiles) character file.

84 Mirvelgyr the Skirmisher (level 4, -3/40 HPs)
             Began as a Minotaur Fighter on Aug 1, 2018.
             Killed from afar by an orc wizard (6 damage)
             ... with a magic dart
             ... on level 3 of the Dungeon.
             The game lasted 00:01:29 (1385 turns).

Mirvelgyr the Skirmisher (Minotaur Fighter)         Turns: 1385, Time: 00:01:29

Health: -3/40      AC:  7    Str: 20    XL:     4   Next: 24%
Magic:  3/3        EV:  7    Int:  5    God:
Gold:   86         SH:  9    Dex: 11    Spells: 3/3 levels left

rFire    . . .     SeeInvis .   a - +0 war axe
rCold    . . .     Gourm    .   c - +0 shield
rNeg     . . .     Faith    .   b - +0 scale mail
rPois    .         Spirit   .   (helmet restricted)
rElec    .         Reflect  .   (no cloak)
rCorr    .         Harm     .   (no gloves)
MR       .....                  (no boots)
Stlth    ..........             (no amulet)
HPRegen  0.13/turn              (no ring)
MPRegen  0.08/turn              (no ring)

@: no status effects
A: retaliatory headbutt, horns 2
a: no special abilities


You were on level 3 of the Dungeon.
You were hungry.

You visited 1 branch of the dungeon, and saw 3 of its levels.

You collected 86 gold pieces.

Inventory:

Hand Weapons
 a - a +0 war axe (weapon)
Armour
 b - a +0 scale mail (worn)
 c - a +0 shield (worn)
Scrolls
 h - 2 scrolls of amnesia {unknown}
 i - a scroll of fear {unknown}
 j - 4 scrolls of identify {unknown}
 k - 2 scrolls of enchant armour {unknown}
 m - a scroll of enchant weapon {unknown}
 o - a scroll of noise {unknown}
Potions
 d - a potion of might
 e - 2 potions of curing {unknown}
 g - a potion of haste {unknown}
 l - a potion of brilliance {unknown}
 p - a potion of flight {unknown}
Comestibles
 f - 4 rations
 n - 6 chunks of flesh


   Skills:
 + Level 4.2 Fighting
 * Level 3.9 Axes
 + Level 4.2 Armour
 + Level 4.2 Shields


You had 3 spell levels left.
You didn't know any spells.
Your spell library was empty.

Dungeon Overview and Level Annotations

Branches:
Dungeon (3/15)

Altars:
Xom


Innate Abilities, Weirdness & Mutations

You reflexively headbutt those who attack you in melee.
You have a pair of horns on your head.


Message History

Something hits you but does no damage.
You hear some strange, mumbled words.
A puff of flame appears from out of thin air!
The puff of flame hits you!
* * * LOW HITPOINT WARNING * * *
You closely miss something. You headbutt something.
You hear some strange, mumbled words.
A magic dart appears from out of thin air!
The magic dart hits you!
* * * LOW HITPOINT WARNING * * *
You miss something. Something hits you but does no damage.
You closely miss something.
You hear some strange, mumbled words.
A magic dart appears from out of thin air!
The magic dart hits you!
* * * LOW HITPOINT WARNING * * *
You hear some strange, mumbled words.
A magic dart appears from out of thin air!
The magic dart hits you!
You die...

.# . ##. #.. #.#
##.#### #
#.....#
.###.##.<##.####
........@.......
###.##†.##.####
# #).# # #).#
#..# #..# #..#
#..# ...#


There were no monsters in sight!

Vanquished Creatures
  Terence (D:2)
  2 adders
  A worm (D:2)
  3 dart slugs
  2 orcs (D:3)
  A giant cockroach (D:2)
  3 goblins
  5 hobgoblins
  4 kobolds
  5 bats
  6 rats
33 creatures vanquished.

Notes
Turn   | Place    | Note
-------+----------+-------------------------------------------
     0 | D:1      | Mirvelgyr the Minotaur Fighter began the quest for the Orb.
     0 | D:1      | Reached XP level 1. HP: 19/19 MP: 0/0
   235 | D:1      | Reached XP level 2. HP: 27/27 MP: 1/1
   941 | D:2      | Reached XP level 3. HP: 33/33 MP: 2/2
  1211 | D:2      | Noticed Terence
  1216 | D:2      | Killed Terence
  1216 | D:2      | Reached XP level 4. HP: 37/40 MP: 3/3
  1329 | D:2      | Found a shimmering altar of Xom.
  1385 | D:3      | Killed from afar by an orc wizard

Vault maps used:
D:1:      giann_wishing_wells, minmay_pentomino_x2
D:2:      lemuel_coloured_pillars_altar, minmay_misc_feat_pillars, uniq_terence
D:3:      bloody_trog, uniq_natasha

Skill      XL: |  1  2 |
---------------+-------+-----
Axes           | 3 |  3.9
Fighting       | 4 |  4.2
Armour         | 4 |  4.2
Shields        | 4 |  4.2

Action                   |  1- 3 |  4- 6 || total
-------------------------+-------+-------++-------
Melee: War axe           |    69 |    19 ||    88
       Headbutt          |     9 |     1 ||    10
  Eat: Chunk             |     1 |       ||     1
Armor: Scale mail        |    42 |    22 ||    64
Dodge: Dodged            |    22 |     4 ||    26
Block: Shield            |    49 |     6 ||    55

Table legend:
 A = Spawn XP
 B = Non-spawn XP
 C = Spawn XP percentage of total XP
 D = Spawn monster count
 E = Non-spawn monster count
 F = Spawn count percentage of total count
 G = Total turns spent on level
                    A         B        C        D         E        F      G
               +---------+---------+-------+---------+---------+-------+---------
         Total |       0 |     121 |   0.0 |       0 |      33 |   0.0 |  1385
               +---------+---------+-------+---------+---------+-------+---------
           D:1 |       0 |      25 |   0.0 |       0 |      13 |   0.0 |   780
           D:2 |       0 |      76 |   0.0 |       0 |      16 |   0.0 |   575
           D:3 |       0 |      20 |   0.0 |       0 |       4 |   0.0 |    30
               +---------+---------+-------+---------+---------+-------+---------
